 Dungeon Crawl Stone Soup version 0.30.1-3-gfc49f6343a (webtiles) character file.

Game seed: 4065936415307855422

121 Heoruswealwe the Conjurer (level 4, -11/24 HPs)
             Began as a Deep Elf Conjurer on July 31, 2023.
             Killed from afar by an oklob plant (25 damage)
             ... with a splash of acid
             ... on level 3 of the Dungeon.
             The game lasted 00:20:40 (2214 turns).

Heoruswealwe the Conjurer (Deep Elf Conjurer)       Turns: 2214, Time: 00:20:40

Health: -11/24     AC:  2    Str: 10    XL:     4   Next: 77%
Magic:  8/13       EV: 12    Int: 25    God:
Gold:   176        SH:  0    Dex: 13    Spells: 2/13 levels left

rFire   . . .        (no weapon)
rCold   . . .        (no shield)
rNeg    . . .        (no body armour)
rPois   .            (no helmet)
rElec   .            h - +0 cloak
rCorr   .            f - +0 pair of gloves
SInv    .            (no boots)
Will    .....        (no amulet)
Stlth   ++           k - +6 ring of strength
HPRegen 0.24/turn    (no ring)
MPRegen 0.13/turn

%: no passive effects
@: no status effects
A: no striking features
a: no special abilities


You were on level 3 of the Dungeon.
You visited 1 branch of the dungeon, and saw 3 of its levels.

You collected 176 gold pieces.

Inventory:

Armour
 f - a +0 pair of gloves (worn)
 h - a +0 cloak (worn)
Jewellery
 k - a +6 ring of strength (left hand)
Scrolls
 a - 5 scrolls of identify {unknown}
 c - 2 scrolls of teleportation {unknown}
 g - a scroll of magic mapping {unknown}
 i - a scroll of vulnerability {unknown}
Potions
 b - a potion of lignification {unknown}
 d - a potion of cancellation {unknown}
 e - a potion of degeneration {unknown}
 j - a potion of ambrosia {unknown}


   Skills:
 - Level 2.4 Dodging
 - Level 2.4 Stealth
 + Level 5.2 Spellcasting
 + Level 5.7 Conjurations


You had 2 spell levels left.
You knew the following spells:

 Your Spells              Type           Power      Damage    Failure   Level
a - Magic Dart            Conj           100%       1d8       1%          1
b - Shock                 Conj/Air       80%        1d8       2%          1
c - Searing Ray           Conj           70%        2d7       1%          2
d - Dazzling Flash        Conj/Hex       40%        N/A       8%          3
e - Fulminant Prism       Conj/Hex       10%        3d8       24%         4

Your spell library contained the following spells:

 Spells                   Type           Power      Damage    Failure   Level
 Swiftness                Air            6%         N/A       24%         3
 Volatile Blastmotes      Fire/Tloc      12%        2d11      24%         3
 Iskenderun's Mystic Bla  Conj/Tloc      20%        2d6       24%         4
 Airstrike                Air            3%         2d(1-17)  63%         4
 Starburst                Conj/Fire      10%        6d5       98%         6


Dungeon Overview and Level Annotations

Branches:
Dungeon (3/15)

Altars:
Fedhas

Annotations:
D:3 exclusion: oklob plant


Message History

A nearby plant withers and dies.
You hit the plant.
The plant begins to die.
The plant is lightly damaged.
You hit the fungus but do no damage. You hit the fungus but do no damage.
You hit the fungus.
The fungus begins to die.
The fungus is lightly damaged.
A nearby plant withers and dies.
You hit the fungus but do no damage.
A nearby plant withers and dies.
You hit the fungus.
The fungus begins to die.
The fungus is lightly damaged.
You hit the plant.
The plant begins to die.
The plant is lightly damaged.
A nearby fungus withers and dies.
You hit the plant.
The plant begins to die.
The plant is lightly damaged.
You hit the fungus.
The fungus begins to die.
The fungus is lightly damaged.
A nearby fungus withers and dies.
You hit the fungus.
The fungus begins to die.
The fungus is lightly damaged.
A nearby plant withers and dies. x2
A nearby fungus withers and dies.
The magic dart hits the oklob plant.
The oklob plant is lightly damaged.
A nearby fungus withers and dies.
The oklob plant spits acid at you. The splash of acid hits you!
The magic dart hits the oklob plant!
The oklob plant is moderately damaged.
The magic dart hits the oklob plant but does no damage.
The oklob plant is moderately damaged.
The magic dart hits the oklob plant.
The oklob plant is moderately damaged.
The magic dart hits the oklob plant.
The oklob plant is moderately damaged.
The oklob plant spits acid at you. The splash of acid hits you!!
Ouch! That really hurt!
You die...

## ################
#PP#PP......#.#...#
#P##.#PPP..........##
#PP.....@#..........#
#..P...##..#.......#
#PP.P...............#
#P..P#P..~~~~~......#
##PPPP..≈~≈~~~~.....#
##PP..~≈≈≈~≈≈≈~..#.#
#PP.~≈≈~≈~~≈≈≈~...# ##
###.~~~~...~≈≈~.###....
#......_.~≈≈~.....#


You could see an oklob plant.

Vanquished Creatures
  4 gnolls (D:2)
  A worm (D:2)
  3 dart slugs (D:1)
  7 ball pythons
  3 bats
  4 endoplasms
  A giant cockroach (D:1)
  12 goblins
  12 hobgoblins
  5 kobolds
  6 quokkas
  3 frilled lizards
  5 rats
66 creatures vanquished.

Notes
Turn   | Place    | Note
-------+----------+-------------------------------------------
     0 | D:1      | Heoruswealwe the Deep Elf Conjurer began the quest for the
                  | Orb.
     0 | D:1      | Reached XP level 1. HP: 10/10 MP: 6/6
   126 | D:1      | Reached XP level 2. HP: 15/15 MP: 1/8
   208 | D:1      | Learned a level 2 spell: Searing Ray
   499 | D:1      | Reached XP level 3. HP: 19/19 MP: 8/10
   503 | D:1      | Learned a level 3 spell: Dazzling Flash
   551 | D:1      | Reached skill level 5 in Conjurations
   859 | D:2      | Found a faded altar of an unknown god.
  1306 | D:2      | Reached XP level 4. HP: 24/24 MP: 0/12
  1311 | D:2      | Learned a level 4 spell: Fulminant Prism
  1548 | D:2      | Learned a level 1 spell: Shock
  1623 | D:2      | Reached skill level 5 in Spellcasting
  1988 | D:3      | Found a blossoming altar of Fedhas.
  2190 | D:3      | Noticed an oklob plant
  2214 | D:3      | Killed from afar by an oklob plant

Illustrated notes

Levels and vault maps discovered:
D:1:      dpeg_arrival_erosion, layout_loops_ring
D:2:      cheibrodos_greedy_goblins, layout_basic, nicolae_ecumenical_pavilion
D:3:      layout_basic, tgw_fedhas, uniq_jessica, uniq_crazy_yiuf_cottage

Skill      XL: |  1  2  3  4 |
---------------+-------------+-----
Spellcasting   | 4 5 |  5.2
Conjurations   | 5 |  5.7
Dodging        | |  2.4
Stealth        | |  2.4

Action                     |  1- 3 |  4- 6 || total
---------------------------+-------+-------++-------
  Melee: Unarmed           |       |   133 ||   133
         Punch             |       |     1 ||     1
   Cast: Magic Dart        |    86 |    43 ||   129
         Searing Ray       |     1 |       ||     1
    Use: Potion            |       |     1 ||     1
 Armour: Robe              |     2 |       ||     2
  Dodge: Dodged            |    11 |     5 ||    16
